 Dungeon Crawl Stone Soup version 0.24.0-123-gd5b16e6ec5 (webtiles) character file.

Game seed: 673306515526746953, levelgen mode: deterministic

20 DavidChitty2 the Conjurer (level 2, -2/23 HPs)
             Began as a Draconian Conjurer on Jan 22, 2020.
             Slain by a kobold (4 damage)
             ... on level 2 of the Dungeon.
             The game lasted 00:01:14 (535 turns).

DavidChitty2 the Conjurer (Draconian Conjurer)       Turns: 535, Time: 00:01:15

Health: -2/23      AC:  4    Str: 10    XL:     2   Next: 58%
Magic:  1/5        EV: 12    Int: 15    God:
Gold:   34         SH:  0    Dex: 11    Spells: 4/5 levels left

rFire    . . .     SeeInvis .   a - +2 dagger (venom)
rCold    . . .     Gourm    .   (no shield)
rNeg     . . .     Faith    .   (armour unavailable)
rPois    .         Spirit   .   d - +0 hat
rElec    .         Reflect  .   (no cloak)
rCorr    .         Harm     .   (no gloves)
MR       .....                  (no boots)
Stlth    ++........             (no amulet)
HPRegen  0.07/turn              (no ring)
MPRegen  0.09/turn              (no ring)

@: no status effects
A: unfitting armour, cold-blooded, AC +4
a: no special abilities


You were on level 2 of the Dungeon.
You were not hungry.

You visited 1 branch of the dungeon, and saw 2 of its levels.

You collected 34 gold pieces.

Inventory:

Hand Weapons
 a - a +2 dagger of venom (weapon)
   (You took it off a goblin on level 1 of the Dungeon)
Missiles
 b - 18 stones (quivered)
Armour
 d - a +0 hat (worn)
   (You found it on level 1 of the Dungeon)
Comestibles
 c - 7 chunks of flesh
 e - a ration {!d}


   Skills:
 + Level 1.0 Fighting
 - Level 1.7 Dodging
 - Level 1.7 Stealth
 + Level 2.2 Spellcasting
 * Level 4.4 Conjurations


You had 4 spell levels left.
You knew the following spells:

 Your Spells              Type           Power        Failure   Level  Hunger
a - Magic Dart            Conj           ##..         3%          1    #......

Your spell library contained the following spells:

 Spells                   Type           Power        Failure   Level  Hunger
 Searing Ray              Conj           ##....       5%          2    ###....
 Dazzling Spray           Conj/Hex       #.....       26%         3    ###....
 Iskenderun's Mystic Bla  Conj           ##......     34%         4    #####..
 Force Lance              Conj/Tloc      #.......     65%         4    #####..
 Fulminant Prism          Conj/Hex       #.........   65%         4    #####..


Dungeon Overview and Level Annotations

Branches:
Dungeon (1/15)

Altars:


Innate Abilities, Weirdness & Mutations

Your plain brown scales are hard. (AC +4)
You cannot fit into any form of body armour.
You are cold-blooded and may be slowed by cold attacks.


Message History

The magic dart hits the jackal.
The jackal barks!
The kobold closely misses you.
The jackal bites you but does no damage.
The jackal barely misses you.
You aren't carrying any scrolls.
You aren't carrying any items that you can evoke.
You aren't carrying any potions.
Aim: a jackal (almost dead)
The magic dart hits the jackal but does no damage.
The jackal bites you. The jackal misses you.
The kobold hits you but does no damage. The jackal barely misses you.
Aim: a jackal (almost dead)
The magic dart hits the jackal.
You kill the jackal!
The jackal bites you. The kobold barely misses you.
The jackal barely misses you.
Some of the chunks of flesh in your inventory have rotted away.
You hit the jackal.
The jackal is poisoned.
The kobold closely misses you. The jackal bites you.
The jackal barely misses you.
The gnoll hits you from afar with a +0 halberd.
You barely miss the jackal. The jackal bites you. The jackal misses you.
The kobold hits you but does no damage.
The gnoll hits you from afar with a +0 halberd!
* * * LOW HITPOINT WARNING * * *
The jackal barely misses you.
You are too injured to fight recklessly!
You are too injured to fight recklessly!
You are too injured to fight recklessly!
You closely miss the kobold. The kobold barely misses you.
The jackal bites you.
* * * LOW HITPOINT WARNING * * *
The gnoll hits you from afar with a +0 halberd.
* * * LOW HITPOINT WARNING * * *
The jackal bites you but does no damage.
You hit the kobold.
You kill the kobold!
The jackal closely misses you. The gnoll completely misses you.
Unknown command.
You completely miss the jackal.
You kill the jackal!
The jackal closely misses you. The jackal barely misses you.
The kobold hits you.
* * * LOW HITPOINT WARNING * * *
The jackal closely misses you.
You hit the jackal but do no damage. The gnoll barely misses you.
The jackal closely misses you.
The jackal bites you but does no damage.
The kobold hits you.
You die...

#########
#....hh@#
##.....Kh#
.......g.#
.........#
....[....##
........(.#
[..###..).......
................
.............g.


You could see a gnoll, 3 jackals and a kobold.

Vanquished Creatures
  3 bats (D:1)
  2 giant cockroaches (D:1)
  2 goblins (D:1)
  2 hobgoblins (D:1)
  2 jackals (D:2)
  2 kobolds
  A frilled lizard (D:1)
  3 rats (D:1)
17 creatures vanquished.

Notes
Turn   | Place    | Note
-------+----------+-------------------------------------------
     0 | D:1      | DavidChitty2 the Draconian Conjurer began the quest for the
                  | Orb.
     0 | D:1      | Reached XP level 1. HP: 14/14 MP: 3/3
   252 | D:1      | Reached XP level 2. HP: 22/22 MP: 1/5
   425 | D:1      | Reached skill level 1 in Fighting
   518 | D:1      | You fall into a shaft and drop 1 floor!
   535 | D:2      | Slain by a kobold

Levels and vault maps discovered:
D:1:      roderic_chinese_lattice_arrival, layout_loops_ring
D:2:      layout_basic

Skill      XL: |  1  2 |
---------------+-------+-----
Fighting       | 1 |  1.0
Dodging        | |  1.7
Stealth        | |  1.7
Spellcasting   | |  2.2
Conjurations   | |  4.4

Action                   || total
-------------------------++-------
Melee: Unarmed           ||     3
       Tailslap          ||     1
       Dagger            ||    10
 Cast: Magic Dart        ||    26
Armor: Skin              ||     8
Dodge: Dodged            ||    32
